Map: Ruins of Seras

Players

Toast - Winner!

  • Race: Zerg Zerg
  • League: Platinum

MorN

  • Race: Terran Terran
  • League: Master

VOD

Have the link to the VOD?

Description

Time

  • Played on: Nov. 17, 2015, 7:30 p.m.
  • Length: 3:28
Show
View Real Time Build Order
Export as new Build Order

Toast Zerg - Winner!

Build Orders: Hatch First 

Get SALT Encoding   

  12  0:01  Drone  
  13  0:13  Overlord  
  13  0:19  Drone  
  14  0:32  Drone x2  
  16  0:36  Drone  
  17  0:55  Hatchery  
  16  0:57  Drone  
  16  0:59  Extractor  
  16  1:02  Drone  
  17  1:19  Spawning Pool  
  17  1:21  Drone  
  17  1:24  Drone  
  18  1:29  Drone  
  19  2:06  Metabolic Boost, Queen  
  19  2:07  Queen  
  19  2:08  Zergling x6  
  26  2:12  Drone  
  27  2:20  Overlord  
  27  2:25  Drone  
  28  2:38  Drone  
  28  2:39  Drone  
  28  2:40  Drone  
  31  2:44  Drone  
  31  2:50  Drone  
  33  2:58  Drone  
  33  3:02  Drone x2  
Show
View Real Time Build Order
Export as new Build Order

MorN Terran 

Build Orders: Reaper Expand 

Get SALT Encoding   

  12  0:00  SCV  
  13  0:13  SCV  
  14  0:18  Supply Depot  
  14  0:25  SCV  
  15  0:39  SCV  
  15  0:41  Barracks  
  16  0:45  Refinery  
  16  0:52  SCV  
  17  1:04  SCV  
  18  1:19  SCV  
  19  1:31  Reaper, Orbital Command  
  20  1:43  Command Center  
  20  1:52  Supply Depot  
  20  1:57  SCV  
  21  2:03  Reaper  
  22  2:09  SCV  
  23  2:21  SCV  
  24  2:23  Factory  
  24  2:33  SCV  
  25  2:43  Command Center  
  25  2:47  Barracks Reactor  
  25  2:58  Orbital Command  
  25  3:02  SCV  
  25  3:05  Refinery  
  25  3:23  Starport  
Tags
 
Add a new tag
Caveats
  • Supply blocks, unpowered buildings, or Contaminate may cause inaccurate times.
  • Supply counts are checked every 10 seconds.